Map: King's Cove LE

Players

GhostHell - Winner!

  • Race: Zerg Zerg
  • Spawn Location: 11:00

BraneloB

  • Race: Zerg Zerg
  • Spawn Location: 5:00

Event: 2019 WCS Summer

VOD

Have the link to the VOD?

Description

Time

  • Played on: July 12, 2019, 7:21 a.m.
  • Length: 11:36

All games in this series

Show
View Real Time Build Order
Export as new Build Order

GhostHell Zerg - Winner!

Build Orders: Hatch First 

Get SALT Encoding   

  12  0:01  Drone  
  13  0:13  Overlord  
  13  0:18  Drone  
  14  0:32  Drone  
  14  0:33  Drone  
  16  0:37  Drone  
  17  0:53  Hatchery  
  17  0:56  Drone  
  17  1:00  Drone  
  18  1:10  Extractor  
  17  1:15  Spawning Pool  
  16  1:18  Drone  
  16  1:24  Drone  
  18  1:33  Drone  
  19  1:42  Overlord  
  19  1:52  Drone  
  20  2:01  Queen  
  20  2:02  Zergling x2  
  20  2:05  Queen  
  20  2:06  Zergling x2  
  26  2:14  Metabolic Boost, Spine Crawler  
  25  2:18  Drone  
  25  2:21  Drone  
  27  2:24  Drone  
  27  2:28  Drone  
  29  2:34  Drone  
  30  2:38  Drone  
  31  2:47  Spore Crawler  
  31  2:49  Drone  
  31  2:50  Drone  
  33  2:54  Baneling Nest  
  33  2:55  Overlord  
  30  3:07  Drone x2  
  30  3:11  Queen  
  30  3:12  Zergling x2  
  35  3:13  Zergling x2  
  35  3:17  Zergling x2  
  35  3:18  Zergling x2  
  38  3:23  Zergling x8  
  42  3:38  Baneling x2  
  42  3:43  Drone x2  
  42  3:45  Overlord  
  42  3:46  Extractor  
  42  3:47  Roach Warren  
  41  3:58  Drone x2  
  41  4:00  Overlord  
  43  4:04  Hatchery  
  42  4:12  Baneling  
  41  4:26  Drone x3  
  41  4:32  Roach  
  41  4:33  Roach x4  
  48  4:42  Roach x3  
  54  4:56  Roach  
  54  4:57  Roach  
  54  4:59  Overlord  
  58  5:01  Zergling x2  
  59  5:27  Drone x10  
  69  5:30  Extractor  
  69  5:32  Lair  
  69  5:34  Evolution Chamber  
  67  5:43  Drone x3  
  67  5:44  Overlord  
  67  5:49  Roach x2  
  74  5:53  Baneling  
  74  5:54  Baneling  
  74  6:00  Zerg Missile Weapons Level 1  
  74  6:03  Drone x3  
  77  6:08  Overlord  
  77  6:12  Roach x2  
  77  6:13  Overlord  
  77  6:17  Overlord  
  80  6:28  Drone  
  80  6:29  Drone x2  
  80  6:30  Drone x3, Overlord  
  80  6:31  Glial Reconstitution  
  80  6:32  Overseer  
  86  6:34  Roach x4  
  86  6:37  Overlord  
  94  6:46  Ravager  
  95  6:48  Roach x4  
  95  6:49  Roach  
  105  6:57  Roach x3  
  105  6:58  Roach  
  113  7:06  Overlord  
  113  7:07  Roach x4  
  119  7:18  Drone x2  
  119  7:19  Drone, Overlord x2  
  122  7:24  Extractor  
  122  7:25  Evolution Chamber  
  120  7:31  Drone x3  
  120  7:34  Roach  
  120  7:35  Roach x2  
  120  7:36  Overlord  
  129  7:44  Overlord  
  129  7:45  Ravager x2  
  129  7:46  Ravager  
  132  7:52  Roach  
  132  7:53  Roach x4  
  132  7:56  Overlord  
  142  8:04  Roach  
  142  8:05  Roach x3  
  150  8:07  Extractor  
  133  8:15  Roach  
  133  8:16  Roach x4  
  133  8:17  Drone x2  
  133  8:18  Drone  
  126  8:24  Roach  
  126  8:25  Roach  
  116  8:32  Roach x4  
  118  8:40  Overlord  
  118  8:44  Zerg Missile Weapons Level 2  
  118  8:47  Drone x7  
  125  8:49  Extractor  
  125  8:52  Hatchery  
  123  8:57  Drone  
  123  8:58  Zerg Ground Armor Level 1  
  124  9:08  Roach x6  
  136  9:17  Roach  
  136  9:18  Roach x3  
  144  9:28  Roach x6  
  150  9:38  Roach x5  
  156  9:42  Overlord  
  156  9:45  Ravager x3  
  162  9:46  Overlord  
  162  9:49  Overseer  
  162  9:50  Overseer  
  163  9:57  Roach x4  
  171  10:04  Roach x4  
  179  10:08  Queen  
  179  10:11  Roach x2  
  179  10:13  Ravager, Overlord  
  186  10:20  Hydralisk Den  
  186  10:21  Pneumatized Carapace  
  161  10:36  Drone  
  114  10:58  Hydralisk x10  
  132  11:08  Hydralisk x3  
  132  11:10  Drone  
Show
View Real Time Build Order
Export as new Build Order

BraneloB Zerg 

Build Orders: Pool First 

Get SALT Encoding   

  12  0:01  Drone  
  13  0:12  Overlord  
  13  0:18  Drone  
  14  0:31  Drone x2  
  14  0:35  Drone  
  17  0:46  Drone, Extractor  
  17  0:52  Spawning Pool  
  17  0:56  Drone  
  17  1:18  Hatchery  
  17  1:23  Drone  
  17  1:26  Drone  
  18  1:40  Queen  
  18  1:41  Zergling x2  
  21  1:48  Overlord  
  21  1:54  Metabolic Boost  
  21  1:58  Drone  
  22  2:06  Drone  
  23  2:14  Drone  
  24  2:15  Queen  
  26  2:23  Drone  
  27  2:34  Drone x2  
  29  2:42  Zergling x2  
  30  2:46  Zergling x2  
  30  2:51  Zergling x2  
  30  2:52  Zergling x4  
  33  3:13  Overlord  
  33  3:17  Baneling Nest  
  33  3:19  Drone x4  
  36  3:22  Overlord  
  36  3:25  Hatchery  
  35  3:29  Drone  
  36  3:41  Zergling x8  
  34  3:42  Zergling x4  
  39  3:50  Zergling x2  
  39  3:53  Zergling x6  
  43  3:58  Overlord  
  43  4:01  Baneling x2  
  43  4:03  Baneling x3  
  43  4:05  Drone x3  
  46  4:13  Drone  
  46  4:17  Zergling x4  
  46  4:19  Zergling x2  
  43  4:32  Zergling x4  
  43  4:33  Zergling x4  
  44  4:41  Drone x5  
  44  4:42  Roach Warren  
  48  4:46  Extractor  
  48  4:47  Extractor  
  48  4:48  Drone x3  
  49  4:57  Drone x2  
  49  4:58  Evolution Chamber  
  50  5:04  Baneling, Drone  
  50  5:07  Drone  
  50  5:08  Drone  
  51  5:19  Queen  
  51  5:20  Overlord x2  
  52  5:25  Zerg Missile Weapons Level 1  
  52  5:26  Roach x2  
  56  5:30  Roach  
  56  5:31  Roach  
  60  5:37  Roach x2  
  64  5:43  Overlord  
  64  5:46  Roach x2  
  68  5:58  Lair  
  68  6:00  Drone x3  
  68  6:02  Drone  
  68  6:03  Roach x2  
  75  6:06  Roach  
  77  6:13  Roach x3  
  85  6:18  Roach x2  
  85  6:22  Roach  
  89  6:27  Overlord x2  
  88  6:45  Roach x2  
  88  6:46  Roach x6  
  104  6:54  Overlord x2  
  103  6:55  Glial Reconstitution  
  103  7:00  Roach  
  105  7:03  Overlord  
  105  7:07  Ravager  
  104  7:13  Roach  
  104  7:14  Roach x4  
  114  7:16  Roach  
  114  7:21  Roach x2  
  120  7:27  Roach x2  
  120  7:29  Roach  
  126  7:32  Roach  
  126  7:34  Overlord  
  128  7:40  Overlord  
  128  7:47  Zergling x2  
  129  7:52  Zergling x10  
  129  7:53  Zergling x6  
  137  8:03  Zergling x2  
  137  8:04  Zergling x10  
  124  8:13  Drone x3  
  124  8:14  Drone x4  
  124  8:16  Roach x2  
  99  8:29  Drone x3  
  93  8:34  Drone x3  
  93  8:36  Extractor x2  
  93  8:37  Zerg Missile Weapons Level 2  
  93  8:39  Roach x2  
  97  8:41  Pneumatized Carapace  
  97  8:44  Drone x2  
  99  8:49  Drone  
  99  8:54  Spire  
  99  8:55  Extractor  
  98  8:56  Roach x2  
  98  9:01  Drone  
  103  9:06  Drone x2  
  103  9:07  Roach  
  103  9:08  Roach x4  
  115  9:14  Roach x2  
  119  9:20  Roach x4  
  127  9:28  Drone x3  
  127  9:38  Roach x5  
  134  9:48  Ravager  
  135  10:07  Mutalisk  
  135  10:08  Mutalisk x4  
  135  10:11  Overlord x2  
  135  10:12  Overlord x3  
  145  10:16  Spore Crawler  
  145  10:17  Spore Crawler  
  145  10:19  Spore Crawler x2  
  145  10:20  Ravager x4  
  145  10:25  Overlord x2  
  134  10:39  Mutalisk x3  
  134  10:40  Roach  
  120  10:43  Roach x4  
  120  10:44  Roach  
  100  10:50  Roach x3  
  100  10:56  Zergling x8  
  95  10:57  Queen  
  95  11:03  Roach  
Tags
 
Add a new tag
Caveats
  • Supply blocks, unpowered buildings, or Contaminate may cause inaccurate times.
  • Supply counts are checked every 10 seconds.